cohdb
Replays
Latest Replays
All Replays
Popular Replays
Top Player Replays
Match Explorer
How It Works
Community
CoH3 Stats
Reddit
Sign in to upload your games and track your stats! →
Sign in with Steam
Match 40133232
Unlisted
Match 40133232
Overview
Messages
Build Orders
End
Construct Section Command Post
Selects Canadian Shock Battlegroup
Infantry Section
Vickers Machine Gun Team
ML 3-inch Mortar Team
Royal Engineer Section
Selects Attacking Spirit
Selects Canadian Shock Section
Canadian Shock Section
Construct Field Infirmary
Construct Platoon Command Post
Selects Incendiary Munitions
6-pounder Anti-tank Gun Team
Construct Company Command Post
Selects Pyrotechnics
Matilda II Heavy Tank
Matilda II Heavy Tank
Selects Demolition Engineering
Demolition Engineering
Matilda II Heavy Tank
Selects Smoke Operation
Smoke Operation
Smoke Operation
Matilda II Heavy Tank
Smoke Operation
Demolition Engineering
Smoke Operation
Sheeb
Alexandre
killall
Ouraganco
KaMiKaZe
tuduloo~
Agent Smith
Robin Da Hood
0
0
Comments
sign in to comment!
No comments posted yet!